 Dungeon Crawl Stone Soup version 0.25-b1-23-ge2ad7d536c (webtiles) character file.

Game seed: 693934292168407958, levelgen mode: deterministic

54 lepoulpe303 the Sneak (level 3, -3/17 HPs)
             Began as a Spriggan Enchanter on May 28, 2020.
             Slain by Crazy Yiuf
             ... wielding a +4 quarterstaff of chaos
              (14 damage)
             ... on level 2 of the Dungeon.
             The game lasted 00:06:03 (2767 turns).

lepoulpe303 the Sneak (Spriggan Enchanter)          Turns: 2767, Time: 00:06:03

Health: -3/17      AC:  2    Str:  4    XL:     3   Next: 66%
Magic:  5/8        EV: 19    Int: 17    God:
Gold:   133        SH:  0    Dex: 16    Spells: 2/8 levels left

rFire    . . .     SeeInvis +   a - +0 short sword
rCold    . . .     Gourm    .   (shield restricted)
rNeg     . . .     Faith    .   b - +0 robe
rPois    .         Spirit   .   (helmet restricted)
rElec    .         Reflect  .   (no cloak)
rCorr    .         Harm     .   (gloves unavailable)
MR       .....                  (boots unavailable)
Stlth    +++.......             (no amulet)
HPRegen  0.05/turn              (no ring)
MPRegen  0.11/turn              (no ring)

@: hasted, very quick
A: very small, unfitting armour, see invisible, herbivore, speed 3, slow
metabolism 2
a: no special abilities


You were on level 2 of the Dungeon.
You were not hungry.

You visited 1 branch of the dungeon, and saw 2 of its levels.

You collected 133 gold pieces.

Inventory:

Hand Weapons
 a - a +0 short sword (weapon)
 j - a +1 dagger
Missiles
 c - 2 boomerangs (quivered)
Armour
 b - a +0 robe (worn)
Wands
 l - a wand of flame (15)
Scrolls
 f - a scroll of remove curse {unknown}
 g - 2 scrolls of identify {unknown}
 k - 2 scrolls of teleportation {unknown}
Potions
 d - a potion of curing {unknown}
 h - 3 potions of lignification {unknown}
 i - 2 potions of invisibility {unknown}
 m - a potion of brilliance {unknown}
Comestibles
 e - 7 rations


   Skills:
 + Level 0.3 Fighting
 * Level 2.0 Short Blades
 + Level 3.5 Dodging
 * Level 5.3 Stealth
 + Level 3.1 Spellcasting
 + Level 3.9 Hexes


You had 2 spell levels left.
You knew the following spells:

 Your Spells              Type           Power        Failure   Level  Hunger
a - Ensorcelled Hibernat  Hex/Ice        #.....       12%         2    ##.....
b - Confusing Touch       Hex            ###.....     10%         3    ###....
v - Corona                Hex            ###....      3%          1    None

Your spell library contained the following spells:

 Spells                   Type           Power        Failure   Level  Hunger
 Tukima's Dance           Hex            ###.....     10%         3    ###....
 Dazzling Flash           Conj/Hex       #.....       22%         3    ###....


Dungeon Overview and Level Annotations

Branches:
Dungeon (2/15)

Altars:
Nemelex Xobeh
Trog

Annotations:
D:2 Crazy Yiuf, Jessica


Innate Abilities, Weirdness & Mutations

You are very small and have problems with some larger weapons.
You are too small for most types of armour.
You have supernaturally acute eyesight. (SInv)
You are a herbivore.
You cover ground extremely quickly.
You need to consume almost no food.


Message History

You now have 6/8 mp.
There is an open translucent door here.
The helpless Crazy Yiuf fails to defend himself.
You impale Crazy Yiuf!!
Crazy Yiuf hits you with a +4 quarterstaff of chaos.
You feel yourself speed up.
You take 6 damage, and have 11/17 hp.
MASSIVE DAMAGE!!
Okay, then.
Okay, then.
The spell is extremely dangerous to cast (10% risk of failure)!
Continue anyway?
Okay, then.
Aim: Crazy Yiuf, wielding a +4 quarterstaff of chaos and wearing a +2 cloak (almost dead, chance to defeat MR: 62%) Crazy Yiuf struggles to resist.
Crazy Yiuf misses you.
You now have 5/8 mp.
You hit Crazy Yiuf but do no damage. You hit Crazy Yiuf but do no damage.
Crazy Yiuf hits you with a +4 quarterstaff of chaos!
Ouch! That really hurt!
You die...

##########...##...#.#...#.....
#............##.#.#.#.#.#...##
#.########...##.#....)#.......
#.# ##########.....>##### #.#
#........... #.# ############
#.###♣♣ ##### #...#P♣♣ ♣♣#..)#
#.....P♣♣♣♣.'@g.#
##...P..♣..♣#...#
##.#P.♣.♣♣♣##### ###♣♣♣♣♣


You could see Crazy Yiuf.

Levels and vault maps discovered:
D:1:      lightli_arrival_flooded_house, layout_loops_ring
D:2:      layout_basic, marbit_many_paths, first_ration,
          minmay_misc_feat_secret_circle, lemuel_tele_altar, uniq_jessica,
          uniq_crazy_yiuf_cottage

Notes
Turn   | Place    | Note
-------+----------+-------------------------------------------
     0 | D:1      | lepoulpe303 the Spriggan Enchanter began the quest for the
                  | Orb.
     0 | D:1      | Reached XP level 1. HP: 9/9 MP: 5/5
   132 | D:1      | Identified a +0 club
   133 | D:1      | Reached XP level 2. HP: 13/13 MP: 6/6
   137 | D:1      | Learned a level 2 spell: Ensorcelled Hibernation
   167 | D:1      | Identified a cursed -3 club
   233 | D:1      | Identified a +0 club
   576 | D:1      | Identified a +0 dagger
   769 | D:1      | Identified a +0 club
   771 | D:1      | Reached skill level 5 in Stealth
   992 | D:1      | HP: 2/13 [dart slug (3)]
   993 | D:1      | Reached skill level 3 in Spellcasting
  1274 | D:1      | Reached XP level 3. HP: 8/16 MP: 8/8
  1279 | D:1      | Learned a level 3 spell: Confusing Touch
  1449 | D:1      | Identified a +0 short sword
  1617 | D:1      | Reached skill level 2 in Short Blades
  1756 | D:2      | Found a sparkling altar of Nemelex Xobeh.
  1801 | D:2      | Identified a +0 club
  1862 | D:2      | Identified a +0 robe
  1862 | D:2      | Noticed Jessica
  2142 | D:2      | Identified a +0 club
  2295 | D:2      | Found a bloodstained altar of Trog.
  2388 | D:2      | Found a runed translucent door.
  2389 | D:2      | Identified a +4 quarterstaff of chaos
  2389 | D:2      | Identified a +2 cloak
  2389 | D:2      | Noticed Crazy Yiuf
  2425 | D:2      | Identified a +0 club
  2767 | D:2      | Slain by Crazy Yiuf

Table legend:
 A = Turns spent in this place as a percentage of turns spent in the entire game.
 B = Non-inter-level travel turns spent in this place as a percentage of non-inter-level travel turns spent in the entire game.
 C = Inter-level travel turns spent in this place as a percentage of turns spent in this place.
 D = Turns resting spent in this place as a percentage of non-inter-level travel turns spent in this place.
 E = Turns spent auto-exploring this place as a percentage of non-inter-level travel turns spent in this place.
 F = Non-inter-level travel turns spent in this place divided by the number of levels of this place that you've seen.
                   A       B       C       D       E      F
               +-------+-------+-------+-------+-------+----------------------
         Total | 100.0 | 100.0 |   1.1 |  43.4 |  43.4 | 1368.5
       Dungeon | 100.0 | 100.0 |   1.1 |  43.4 |  43.4 | 1368.5
               +-------+-------+-------+-------+-------+----------------------

Table legend:
 A = Kills in this place as a percentage of kills in entire the game.
 B = Kills by you in this place as a percentage of kills by you in the entire game.
 C = Kills by friends in this place as a percentage of kills by friends in the entire game.
 D = Other kills in this place as a percentage of other kills in the entire game.
 E = Experience gained in this place as a percentage of experience gained in the entire game.
 F = Experience gained in this place divided by the number of levels of this place that you have seen.
                   A       B       C       D       E      F
               +-------+-------+-------+-------+-------+----------------------
         Total | 100.0 | 100.0 |   N/A |   N/A | 100.0 |  39.0
       Dungeon | 100.0 | 100.0 |   N/A |   N/A | 100.0 |  39.0
               +-------+-------+-------+-------+-------+----------------------

Skill      XL: |  1  2  3 |
---------------+----------+-----
Stealth        | 5 |  5.3
Spellcasting   | 3 |  3.1
Short Blades   | 2 |  2.0
Fighting       | |  0.3
Dodging        | |  3.5
Hexes          | |  3.9

Action                   || total
-------------------------++-------
Melee: Dagger            ||    65
       Short sword       ||    44
Throw: Boomerang         ||    36
 Cast: Ensorcelled Hiber ||     1
       Corona            ||     1
 Stab: Sleeping          ||    12
Armor: Robe              ||     9
Dodge: Dodged            ||    64

Vanquished Creatures
  An ooze (D:1)
  A worm (D:2)
  3 dart slugs
  A leopard gecko (D:1)
  6 bats
  3 giant cockroaches
  4 goblins
  7 hobgoblins
  A quokka (D:2)
  A frilled lizard (D:1)
  4 kobolds (D:1)
  5 rats (D:1)
37 creatures vanquished.
